 Dungeon Crawl Stone Soup version 0.22.1-7-g5c428e7 (webtiles) character file.

102467 BlackBalls the Arsonist (level 16, -14/114 HPs)
             Began as an Octopode Fire Elementalist on Feb 16, 2019.
             Was a High Priest of Vehumet.
             Shot with a bolt by a naga sharpshooter (28 damage)
             ... on level 2 of the Snake Pit on Feb 17, 2019.
             The game lasted 03:37:28 (41876 turns).

BlackBalls the Arsonist (OpFE)                     Turns: 41876, Time: 03:37:29

Health: -14/114    AC:  1    Str:  8    XL:     16   Next: 33%
Magic:  9/41       EV: 18    Int: 21    God:    Vehumet [*****.]
Gold:   660        SH: 15    Dex: 17    Spells: 4/39 levels left

rFire    + . .     SeeInvis +   a - +10 flail of Doom {protect, +Blink}
rCold    + + .     Gourm    .   D - +3 buckler {rC+}
rNeg     . . .     Faith    .   (helmet restricted)
rPois    .         Spirit   .   T - +5 amulet of reflection
rElec    +         Reflect  +   l - +2 ring of evasion
rCorr    .         Harm     .   y - ring of protection from magic
MR       +++..                  u - ring of protection from fire
Stlth    +++++.....             M - ring of magical power
HPRegen  0.29/turn              J - ring of protection from cold
MPRegen  0.27/turn              W - ring of stealth
                                X - ring of stealth
                                R - ring of the Final Stars {rElec Slay+3 SInv}

@: berserk cooldown, slowed, studying 2 skills, very slow
A: almost no armour, stealthy swim, amphibious, 8 rings, constrict 8, tentacle
spike 1, camouflage 1, clever 1, magic resistance 1, gelatinous body 1,
MP-powered wands
a: Renounce Religion, Evoke Blink


You were on level 2 of the Snake Pit.
You worshipped Vehumet.
Vehumet was extremely pleased with you.
You were not hungry.

You visited 5 branches of the dungeon, and saw 26 of its levels.
You also visited: Labyrinth, Ossuary and Ice Cave.

You collected 2092 gold pieces.
You spent 1432 gold pieces at shops.

Inventory:

Hand Weapons
 a - the +10 flail of Doom (weapon) {protect, +Blink}
   (You found it on level 6 of the Lair of Beasts)

   It protects the one who uses it against injury (+AC on strike).
   It lets you blink.
 j - the +8 mace of Forced Transition {flame, Stlth+}
   (You found it on level 6 of the Lair of Beasts)

   It has been specially enchanted to burn those struck by it, causing extra
   injury to most foes and up to half again as much damage against particularly
   susceptible opponents.
   It makes you more stealthy.
 q - the +7 short sword "Jegom" {venom, *Drain rC++ Dex+4 SInv}
   (You found it on level 10 of the Dungeon)

   It poisons the flesh of those it strikes.
   It affects your dexterity (+4).
   It greatly protects you from cold.
   It lets you see invisible.
   It causes draining when unequipped.
 O - a +3 demon trident of electrocution
Missiles
 Y - 19 javelins of returning (quivered)
Armour
 k - a +1 shield
 D - a +3 buckler of cold resistance (worn)
Magical Staves
 b - an uncursed staff of energy
 f - an uncursed staff of wizardry
 v - an uncursed staff of fire
Jewellery
 l - a +2 ring of evasion (left tentacle)
 u - a ring of protection from fire (on tentacle)
 y - a ring of protection from magic (right tentacle)
 F - an uncursed ring of resist corrosion
 J - a ring of protection from cold (on tentacle)
 M - a ring of magical power (on tentacle)
 R - the ring of the Final Stars (on tentacle) {rElec Slay+3 SInv}
   (You bought it in a shop on level 6 of the Dungeon)

   [ring of slaying]

   It affects your accuracy and damage with ranged weapons and melee attacks
   (+3).
   It insulates you from electricity.
   It lets you see invisible.
 T - a +5 amulet of reflection (around mantle)
 W - a ring of stealth (on tentacle)
 X - a ring of stealth (on tentacle)
Wands
 c - a wand of paralysis (16)
 C - a wand of disintegration (3)
 E - a wand of iceblast (36)
 K - a wand of flame (59)
 N - a wand of acid (5)
Scrolls
 d - 5 scrolls of amnesia
 h - 8 scrolls of remove curse
 m - 4 scrolls of enchant armour
 o - 2 scrolls of fog
 w - 5 scrolls of fear
 P - 3 scrolls of teleportation
Potions
 n - 5 potions of brilliance
 s - a potion of berserk rage
 t - 6 potions of might
 x - 6 potions of curing
 A - 3 potions of agility
 B - 3 potions of haste
 G - 3 potions of lignification
 H - 2 potions of magic
 Q - a potion of ambrosia {unknown}
 U - 2 potions of flight {unknown}
 Z - 2 potions of cancellation
Books
 p - a manual of Fighting
 z - a manual of Ice Magic
 V - a manual of Ice Magic
Miscellaneous
 e - a fan of gales (inert)
 i - a lamp of fire
 r - a phantom mirror
 I - a box of beasts
 S - a sack of spiders
Comestibles
 g - 15 rations
 L - 2 chunks of flesh


   Skills:
 * Level 12.2 Fighting
 - Level 3.0 Short Blades
 - Level 0.2 Staves
 - Level 5.1 Dodging
 - Level 2.6 Stealth
 - Level 10.7 Shields
 - Level 12.2 Spellcasting
 - Level 12.5 Conjurations
 - Level 5.1 Hexes
 - Level 4.7 Charms
 - Level 6.1 Necromancy
 - Level 12.5 Fire Magic
 - Level 4.0 Air Magic
 * Level 2.5 Earth Magic
 - Level 4.0 Evocations


You had 4 spell levels left.
You knew the following spells:

 Your Spells              Type           Power        Failure   Level  Hunger
a - Flame Tongue          Conj/Fire      #####        1%          1    None
b - Conjure Flame         Conj/Fire      ######..     1%          3    None
c - Sticky Flame          Conj/Fire      ######..     1%          4    None
d - Fulminant Prism       Conj/Hex       #####.....   1%          4    None
e - Fireball              Conj/Fire      ######....   1%          5    ####...
f - Regeneration          Chrm/Necr      #####.....   1%          3    None
g - Animate Dead          Necr           N/A          4%          4    None
h - Blink                 Tloc           N/A          8%          2    None
i - Airstrike             Air            ####......   2%          4    None
j - Borgnjor's Vile Clut  Necr/Erth      ####......   24%         5    ####...

Your spell library contained the following spells:

 Spells                   Type           Power        Failure   Level  Hunger
 Bolt of Fire             Conj/Fire      ######....   1%          6    #####..
 Animate Skeleton         Necr           N/A          1%          1    None
 Corona                   Hex            ####...      1%          1    None
 Magic Dart               Conj           ####         1%          1    None
 Pain                     Necr           ####         1%          1    None
 Sting                    Conj/Pois      ####         1%          1    None
 Slow                     Hex            ####....     1%          2    None
 Throw Flame              Conj/Fire      ######       1%          2    None
 Inner Flame              Hex/Fire       #####...     1%          3    None
 Mephitic Cloud           Conj/Pois/Air  #####...     1%          3    None
 Vampiric Draining        Necr           #####.....   1%          3    None
 Poisonous Vapours        Pois/Air       ###...       3%          2    None
 Portal Projectile        Hex/Tloc       ###...       5%          3    None
 Cause Fear               Hex            ####......   6%          4    None
 Call Imp                 Summ           ##......     8%          2    None
 Leda's Liquefaction      Hex/Erth       ####......   11%         4    None
 Olgreb's Toxic Radiance  Pois           ##......     13%         4    None
 Recall                   Summ/Tloc      N/A          16%         3    None
 Venom Bolt               Conj/Pois      #####.....   3%          5    ####...
 Death Channel            Necr           #####.....   54%         6    #####..
 Simulacrum               Ice/Necr       ####......   92%         6    #####..


Dungeon Overview and Level Annotations

Branches:
Dungeon (15/15)            Temple (1/1) D:7            Lair (6/6) D:9
 Shoals (0/4) Lair:2        Snake (2/4) Lair:4        Slime (0/5) Lair:6
    Orc (2/2) D:12         Vaults (0/5) D:14         Depths (0/5) D:15
    Elf: Orc:2

Altars:
Ashenzari
Cheibriados
Dithmenos
Elyvilon
Fedhas
Gozag
Hepliaklqana
Kikubaaqudgha
Makhleb
Nemelex Xobeh
Okawaru
Qazlal
Ru
Sif Muna
Trog
Uskayaw
Vehumet
Wu Jian
Xom
Yredelemnul
Zin
The Shining One

Shops:
D:6 =*[   D:8 }   D:12 *

Annotations:
D:8 Harold
D:9 exclusion: downstairs
D:10 exclusion: 2 downstairs
D:13 exclusion: 3 downstairs, Rupert
D:14 exclusion: downstairs
D:15 2 runed doors
Lair:2 exclusion: oklob plant
Lair:4 exclusion: downstairs
Lair:5 exclusion: downstairs
Snake:1 exclusion: downstairs
Orc:1 exclusion: downstairs
Orc:2 Azrael


Innate Abilities, Weirdness & Mutations

You cannot wear most types of armour.
You are very stealthy in the water. (Stealth+)
You are amphibious.
You can wear up to eight rings at the same time.
You can use your tentacles to constrict eight enemies at once.
Your skin changes colour to match your surroundings (Stealth+).
Your rubbery body absorbs attacks. (AC +1, EV +1)
One of your tentacles bears a spike.
Your mind is acute. (Int +2)
You are resistant to hostile enchantments. (MR+)
You expend magic power (3 MP) to strengthen your wands.


Message History

The fireball engulfs the naga sharpshooter.
The naga sharpshooter is moderately wounded.
The naga sharpshooter spits poison at you.
The splash of poison misses you.
The naga sharpshooter shoots a bolt.
The bolt hits you!
Casting: Fireball (safe; 1% risk of failure)
Confirm with . or Enter, or press ? or * to list all spells.
Aiming: Fireball (safe; 1% risk of failure)
Press: ? - help, Shift-Dir - straight line, f/p - naga sharpshooter
Aim: a naga sharpshooter, wielding an arbalest (moderately wounded, catching The fireball explodes!
The fireball engulfs the naga sharpshooter.
The naga sharpshooter is heavily wounded.
The naga sharpshooter shoots a bolt.
The bolt hits you!!!
* * * LOW HITPOINT WARNING * * *
You feel better.
The naga sharpshooter gestures wildly while chanting.
The naga sharpshooter magically shoots a bolt.
The bolt hits you!!
You die...

#... .... #....
#... #...[ #.).#
.... #...## .....!
#..@### .......
##....### .......
##.....### .......
###.(..N####......
###......N......
##............
####.........
###.......
#.......


You could see a naga sharpshooter.

Vanquished Creatures
  Louise (Snake:2)
  A very ugly thing (D:14)
  A minotaur (Lab)
  A dire elephant (D:15)
  Josephine (D:11)
  10 hydras
  Erolcha (Orc:1)
  5 centaur warriors
  An anaconda (Snake:2)
  Erica (D:8)
  A catoblepas (Lair:6)
  2 death knights
  6 two-headed ogres
  Urug (D:14)
  5 death yaks (Lair:6)
  A deep troll shaman (Lair:6)
  5 tengu warriors
  Sonja (D:11)
  A shock serpent (Snake:2)
  An orc high priest (Orc:1)
  2 naga sharpshooters (Snake:1)
  6 skeletal warriors
  3 unseen horrors
  A sea snake (Snake:1)
  A lindwurm (Lair:6)
  2 necromancers
  2 deep elf magi (D:14)
  2 orc knights (Orc:1)
  A wolf spider (D:15)
  An orc sorcerer (Orc:2)
  2 mana vipers (Snake:2)
  2 ugly things
  3 oklob plants
  A salamander (Snake:1)
  12 slime creatures
  4 cyclopes
  2 centaur zombies
  7 elephants
  11 black mambas
  2 ice statues
  Psyche (D:8)
  2 naga magi
  A gargoyle (D:10)
  A torpor snail (Lair:5)
  11 spiny frogs
  12 freezing wraiths
  3 kobold demonologists (D:14)
  4 komodo dragons
  2 efreet
  A merfolk (D:15)
  3 trolls
  A wolf spider simulacrum (IceCv)
  3 polar bears
  9 blink frogs
  7 hippogriffs
  6 centaur simulacra
  A water elemental (D:15)
  A vampire (D:15)
  A shadow (D:13)
  17 humans
  7 wraiths
  45 yaks
  A wyvern (D:8)
  A warg (Orc:1)
  A death yak simulacrum (IceCv)
  14 two-headed ogre zombies (Orc:1)
  8 nagas
  2 acid dragons
  2 soldier ants
  8 water moccasins
  A meliai simulacrum (D:15)
  3 porcupines
  20 ice beasts
  20 orc warriors
  A hornet zombie (D:13)
  4 sky beasts
  3 black bears
  An alligator simulacrum (IceCv)
  3 phantoms
  A necrophage (D:11)
  15 wolves
  An eye of draining (D:11)
  7 ogres
  21 centaurs
  8 crocodiles
  4 big kobolds
  12 bullfrogs
  A wyvern zombie (D:8)
  5 water moccasin zombies (Ossuary)
  5 scorpions
  9 killer bees
  3 electric eels
  3 howler monkeys (D:14)
  4 crimson imps
  2 bullfrog zombies
  2 quasits
  4 draconian simulacra (IceCv)
  9 centaur skeletons
  2 hounds
  8 jellies
  12 orc priests
  3 bullfrog skeletons
  5 iguanas
  17 orc wizards
  A spriggan simulacrum (IceCv)
  2 polar bear simulacra (Lair:6)
  8 worker ants
  2 yak simulacra (Lair:6)
  A killer bee zombie (D:9)
  6 troll simulacra (IceCv)
  5 wolf simulacra
  2 big kobold zombies (Ossuary)
  2 ogre zombies (Orc:1)
  3 mummies
  A howler monkey skeleton (D:3)
  3 worker ant zombies
  11 adders
  4 naga simulacra (IceCv)
  3 ogre simulacra (IceCv)
  4 shadow imps
  16 white imps
  2 ufetubi (D:15)
  16 oozes
  5 adder zombies
  2 adder skeletons (D:4)
  3 worms
  2 dart slugs
  6 leopard geckos
  46 orcs
  9 giant cockroaches
  5 goblins
  3 hobgoblins
  2 jackals (D:7)
  19 kobolds
  3 quokkas
  A ball python (D:1)
  8 bats
  2 frilled lizards (D:5)
  5 gnoll zombies (Ossuary)
  6 hobgoblin zombies (Ossuary)
  6 kobold zombies
  6 orc zombies (Ossuary)
  5 rats
  3 river rat simulacra (Lair:6)
  2 bushes
  4 fungi
  A plant (Lair:5)
755 creatures vanquished.

Vanquished Creatures (others)
  A salamander (Snake:1)
  A centaur (D:15)
  An orc wizard (Orc:2)
  63 fulminant prisms
  5 fungi
  11 plants
82 creatures vanquished.

Grand Total: 837 creatures vanquished

Notes
Turn   | Place    | Note
-------+----------+-------------------------------------------
     0 | D:1      | BlackBalls the Octopode Fire Elementalist began the quest
                  | for the Orb.
     0 | D:1      | Reached XP level 1. HP: 11/11 MP: 3/3
   343 | D:1      | Reached XP level 2. HP: 11/17 MP: 3/5
  1239 | D:1      | Reached XP level 3. HP: 5/21 MP: 2/6
  1439 | D:1      | Learned a level 3 spell: Conjure Flame
  1909 | D:2      | Reached XP level 4. HP: 27/27 MP: 4/7
  2183 | D:2      | Found a faded altar of an unknown god.
  2497 | D:3      | Found a shattered altar of Ashenzari.
  2524 | D:3      | Reached XP level 5. HP: 32/32 MP: 4/8
  2579 | D:3      | Reached skill level 1 in Fighting
  2779 | D:3      | Learned a level 4 spell: Sticky Flame
  2785 | D:3      | Learned a level 1 spell: Animate Skeleton
  3345 | D:4      | Reached skill level 5 in Fire Magic
  3591 | D:4      | Reached XP level 6. HP: 38/38 MP: 7/10
  4326 | D:5      | Entered Level 5 of the Dungeon
  4373 | D:5      | Found a stormy altar of Qazlal.
  4521 | D:5      | Found a sacrificial altar of Ru.
  4521 | D:5      | Found a glowing golden altar of the Shining One.
  4521 | D:5      | Found an opulent altar of Gozag.
  4705 | D:5      | Reached XP level 7. HP: 35/43 MP: 12/12
  5225 | D:5      | Found a basalt altar of Yredelemnul.
  5495 | D:5      | Reached XP level 8. HP: 51/51 MP: 6/14
  5757 | D:5      | Learned a level 5 spell: Fireball
  5792 | D:6      | Noticed a hand axe
  5793 | D:6      | Noticed a hand axe
  5794 | D:6      | Found a hide-covered altar of Uskayaw.
  6117 | D:6      | Found Ynimom's Jewellery Emporium.
  6150 | D:6      | Gained mutation: You are agile. (Dex +2) [potion of
                  | mutation]
  6150 | D:6      | Gained mutation: Your body sometimes deteriorates upon
                  | taking damage. [potion of mutation]
  6150 | D:6      | Gained mutation: You tend to lose your temper in combat.
                  | [potion of mutation]
  6150 | D:6      | Gained mutation: You are robust. (+10% HP) [potion of
                  | mutation]
  6151 | D:6      | Lost mutation: Your body sometimes deteriorates upon taking
                  | damage. [potion of mutation]
  6151 | D:6      | Lost mutation: You are robust. (+10% HP) [potion of
                  | mutation]
  6151 | D:6      | Gained mutation: Your mind is acute. (Int +2) [potion of
                  | mutation]
  6151 | D:6      | Gained mutation: Your flesh is cold resistant. (rC+)
                  | [potion of mutation]
  6151 | D:6      | Gained mutation: One of your tentacles bears a spike.
                  | [potion of mutation]
  6152 | D:6      | Lost mutation: Your flesh is cold resistant. (rC+) [potion
                  | of mutation]
  6152 | D:6      | Lost mutation: You tend to lose your temper in combat.
                  | [potion of mutation]
  6152 | D:6      | Lost mutation: You are agile. (Dex +2) [potion of mutation]
  6152 | D:6      | Gained mutation: You are resistant to hostile enchantments.
                  | (MR+) [potion of mutation]
  6152 | D:6      | Gained mutation: You expend magic power (3 MP) to
                  | strengthen your wands. [potion of mutation]
  6189 | D:6      | Got a fine dagger
  6190 | D:6      | Identified the +10 dagger of Eternal Vigilance {drain,
                  | *Drain rC+ Str+6} (You found it on level 6 of the Dungeon)
  6226 | D:6      | Found Zuasein's General Store.
  6288 | D:6      | Found Nouhosee's Antique Armour Boutique.
  6291 | D:6      | Bought a shiny buckler for 180 gold pieces
  6333 | D:6      | Reached skill level 5 in Spellcasting
  6702 | D:7      | Reached skill level 1 in Shields
  6801 | D:7      | Reached skill level 5 in Conjurations
  6910 | D:7      | Reached XP level 9. HP: 23/56 MP: 5/17
  7069 | D:7      | Found a sand-covered staircase.
  7126 | Ossuary  | Entered an ossuary
  8551 | D:7      | Found a snail-covered altar of Cheibriados.
  8581 | D:7      | Reached skill level 1 in Short Blades
  8648 | D:7      | Found a staircase to the Ecumenical Temple.
  8652 | Temple   | Entered the Ecumenical Temple
  8726 | Temple   | Became a worshipper of Vehumet
  9272 | D:8      | Found a hazy altar of Hepliaklqana.
  9399 | D:8      | Noticed a two-headed ogre
  9407 | D:8      | Noticed Psyche
  9413 | D:8      | Killed Psyche
  9413 | D:8      | Reached XP level 10. HP: 43/63 MP: 20/20
  9638 | D:8      | Killed a two-headed ogre
  9841 | D:8      | Noticed Harold
 10096 | D:8      | Found Wyamifru's Gadget Shoppe.
 10151 | D:8      | Noticed Erica
 10170 | D:8      | Killed Erica
 10170 | D:8      | Reached skill level 1 in Evocations
 10362 | D:8      | Learned a level 3 spell: Regeneration
 10431 | D:9      | Found a staircase to the Lair.
 10626 | D:9      | Found an opulent altar of Gozag.
 10689 | D:9      | Reached skill level 1 in Necromancy
 10691 | D:9      | Reached * piety under Vehumet
 10691 | D:9      | Offered knowledge of Sting by Vehumet.
 11190 | D:10     | Entered Level 10 of the Dungeon
 11466 | D:10     | Reached XP level 11. HP: 57/70 MP: 19/23
 12021 | D:10     | Reached skill level 1 in Charms
 12076 | D:10     | Got an encrusted short sword
 12364 | D:11     | Noticed a death knight
 12364 | D:11     | Noticed a skeletal warrior
 12364 | D:11     | Noticed a skeletal warrior
 12598 | D:6      | Bought a +5 amulet of reflection for 494 gold pieces
 12772 | D:11     | Noticed a cyan ugly thing
 12800 | D:11     | Killed a cyan ugly thing
 12818 | D:11     | Noticed a skeletal warrior
 12820 | D:11     | Noticed a skeletal warrior
 12822 | D:11     | Noticed a skeletal warrior
 12826 | D:11     | Noticed a skeletal warrior
 12827 | D:11     | Killed a skeletal warrior
 13169 | D:11     | Offered knowledge of Sandblast by Vehumet.
 13190 | D:11     | Reached ** piety under Vehumet
 13333 | D:10     | Learned a level 4 spell: Animate Dead
 13467 | D:11     | Reached skill level 5 in Fighting
 13473 | D:11     | Noticed Josephine
 13473 | D:11     | Noticed Sonja
 13625 | D:10     | Noticed an unseen horror
 13628 | D:10     | Killed an unseen horror
 13864 | Lair:1   | Entered Level 1 of the Lair of Beasts
 14304 | Lair:1   | Identified the +7 short sword "Jegom" {venom, *Drain rC++
                  | Dex+4 SInv} (You found it on level 10 of the Dungeon)
 15104 | Lair:2   | Found a staircase to the Shoals.
 15476 | Lair:2   | Noticed an eight-headed hydra
 15482 | Lair:2   | Killed an eight-headed hydra
 15781 | Lair:2   | Reached XP level 12. HP: 77/77 MP: 21/25
 15893 | Lair:2   | Reached skill level 10 in Fire Magic
 16960 | Lair:3   | Offered knowledge of Throw Frost by Vehumet.
 17491 | Lair:3   | Reached skill level 10 in Conjurations
 17501 | Lair:3   | Noticed a four-headed hydra
 17507 | Lair:3   | Killed a four-headed hydra
 17507 | Lair:3   | Reached skill level 5 in Necromancy
 17882 | Lair:4   | Found a staircase to the Snake Pit.
 17965 | Lair:4   | Noticed a six-headed hydra
 17982 | Lair:4   | Killed a six-headed hydra
 18421 | Lair:4   | Reached skill level 10 in Spellcasting
 19275 | Lair:5   | Noticed a four-headed hydra
 19341 | Lair:4   | Killed a four-headed hydra
 19669 | Lair:5   | Noticed a five-headed hydra
 19680 | Lair:5   | Killed a five-headed hydra
 19680 | Lair:5   | Reached XP level 13. HP: 82/82 MP: 16/27
 21125 | Lair:6   | Entered Level 6 of the Lair of Beasts
 21330 | Lair:5   | Reached *** piety under Vehumet
 22222 | Lair:5   | Offered knowledge of Fulminant Prism by Vehumet.
 22285 | Lair:5   | Learned a level 4 spell: Fulminant Prism
 22613 | Lair:6   | Found a staircase to the Slime Pits.
 22683 | Lair:6   | Got an ichor-stained flail
 22684 | Lair:6   | Identified the +10 flail of Doom {protect, +Blink} (You
                  | found it on level 6 of the Lair of Beasts)
 22707 | Lair:6   | Reached skill level 1 in Hexes
 23490 | Lair:6   | Reached **** piety under Vehumet
 23602 | Lair:6   | Offered knowledge of Bolt of Draining by Vehumet.
 23797 | Lair:6   | Reached XP level 14. HP: 85/90 MP: 27/29
 23815 | Lair:6   | Got a warped mace
 24332 | D:11     | Killed Sonja
 24918 | D:9      | Got a crystal hunting sling
 25387 | D:11     | Killed Josephine
 25866 | D:12     | Found Ciniet's General Store.
 25951 | D:12     | Found a labyrinth entrance.
 25969 | Lab      | Entered a labyrinth
 27083 | D:12     | Found a staircase to the Orcish Mines.
 27111 | D:12     | Reached ***** piety under Vehumet
 27111 | D:12     | Offered knowledge of Airstrike by Vehumet.
 27114 | D:12     | Reached skill level 5 in Dodging
 28329 | Lair:2   | Identified the cursed +0 hunting sling "Kutun" {freeze,
                  | Dex+4} (You found it on level 9 of the Dungeon)
 28864 | D:13     | Noticed Rupert
 28972 | D:13     | Reached skill level 5 in Hexes
 29917 | D:13     | Learned a level 2 spell: Blink
 29922 | D:13     | Learned a level 4 spell: Airstrike
 30049 | D:14     | Found a gate to the Vaults.
 30049 | D:14     | Noticed Urug
 30049 | D:14     | Noticed a purple very ugly thing
 30876 | Orc:1    | Entered Level 1 of the Orcish Mines
 31101 | D:6      | Bought the ring of the Final Stars {rElec Slay+3 SInv} for
                  | 758 gold pieces
 32224 | Orc:1    | Noticed Erolcha
 32228 | Orc:1    | Killed Erolcha
 32371 | Orc:2    | Entered Level 2 of the Orcish Mines
 32375 | Orc:2    | Offered knowledge of Yara's Violent Unravelling by Vehumet.
 32378 | Orc:2    | Reached skill level 5 in Shields
 33105 | Orc:1    | Reached XP level 15. HP: 84/99 MP: 21/31
 33425 | Orc:2    | Noticed an orc warlord
 33643 | Orc:2    | Noticed Azrael
 33928 | D:14     | Killed Urug
 35261 | D:14     | Reached skill level 10 in Fighting
 35828 | D:14     | Offered knowledge of Lee's Rapid Deconstruction by Vehumet.
 35828 | D:14     | Reached skill level 1 in Air Magic
 35977 | D:15     | Entered Level 15 of the Dungeon
 36190 | D:15     | Found a frozen archway.
 36209 | IceCv    | Entered an ice cave
 37228 | IceCv    | Found an ancient bone altar of Kikubaaqudgha.
 37996 | D:15     | Found a staircase to the Depths.
 38027 | D:15     | Offered knowledge of Bolt of Fire by Vehumet.
 38116 | D:15     | Found a runed door.
 38253 | D:15     | Found a runed door.
 38262 | D:15     | Learned a level 5 spell: Borgnjor's Vile Clutch
 38266 | D:15     | Reached skill level 10 in Shields
 38434 | D:15     | Found a runed door.
 38598 | D:15     | Found a runed door.
 38674 | D:15     | Reached XP level 16. HP: 61/112 MP: 8/32
 39511 | D:15     | Identified the +8 mace of Forced Transition {flame, Stlth+}
                  | (You found it on level 6 of the Lair of Beasts)
 39961 | Snake:1  | Entered Level 1 of the Snake Pit
 40405 | Snake:1  | Reached skill level 1 in Earth Magic
 41653 | Snake:2  | Noticed Louise
 41667 | Snake:2  | Killed Louise
 41876 | Snake:2  | Shot with a bolt by a naga sharpshooter

Skill      XL: |  1  2  3  4  5  6  7  8  9 10 11 12 13 14 15 16 |
---------------+-------------------------------------------------+-----
Fire Magic     | 4 5 6 7 8 9 10 11 12 | 12.5
Fighting       | 1 2 3 4 5 6 8 11 12 | 12.2
Spellcasting   | 3 4 5 6 8 9 10 11 12 | 12.2
Conjurations   | 2 3 5 6 8 9 10 11 12 | 12.5
Shields        | 2 4 5 10 | 10.7
Short Blades   | 1 2 3 |  3.0
Evocations     | 1 2 4 |  4.0
Necromancy     | 1 4 5 6 |  6.1
Charms         | 3 4 |  4.7
Dodging        | 3 4 5 |  5.1
Hexes          | 3 5 |  5.1
Air Magic      | 2 4 |  4.0
Earth Magic    | 2 |  2.5
Staves         | |  0.2
Stealth        | |  2.6

Action                   |  1- 3 |  4- 6 |  7- 9 | 10-12 | 13-15 | 16-18 || total
-------------------------+-------+-------+-------+-------+-------+-------++-------
Melee: Club              |     7 |       |       |       |       |       ||     7
       Short sword       |    23 |    27 |       |       |       |       ||    50
       Constrict         |     7 |    10 |    40 |    22 |    21 |       ||   100
       Tentacles         |     4 |     9 |    35 |    30 |    63 |     1 ||   142
       Dagger            |       |    15 |   162 |   142 |   116 |       ||   435
       Kick              |       |       |    43 |    36 |    93 |       ||   172
       Flail             |       |       |       |       |    87 |     5 ||    92
       Staff             |       |       |       |       |    38 |       ||    38
Throw: Tomahawk          |     2 |     5 |       |     3 |       |       ||    10
       Javelin           |       |       |       |     1 |     6 |       ||     7
 Cast: Flame Tongue      |    22 |    92 |   143 |   317 |   509 |     9 ||  1092
       Animate Skeleton  |       |     1 |       |       |       |       ||     1
       Conjure Flame     |       |     3 |    13 |    33 |    61 |     2 ||   112
       Sticky Flame      |       |       |     8 |    35 |   102 |     8 ||   153
       Fireball          |       |       |       |    25 |   262 |    64 ||   351
       Fulminant Prism   |       |       |       |       |    49 |    14 ||    63
       Animate Dead      |       |       |       |       |     6 |     1 ||     7
       Regeneration      |       |       |       |       |    20 |     1 ||    21
       Airstrike         |       |       |       |       |    11 |     1 ||    12
       Borgnjor's Vile C |       |       |       |       |       |     2 ||     2
       Blink             |       |       |       |       |       |     1 ||     1
Evoke: Wand              |       |     1 |       |     8 |    13 |     4 ||    26
       Staff of energy   |       |       |       |       |    11 |     1 ||    12
       Fan of gales      |       |       |       |       |       |     1 ||     1
  Use: Potion            |     1 |       |     4 |     5 |     6 |     4 ||    20
       Scroll            |       |       |     7 |    14 |    15 |     3 ||    39
 Stab: Sleeping          |    10 |     8 |     7 |    13 |     3 |       ||    41
       Distracted        |       |       |       |       |     1 |       ||     1
  Eat: Chunk             |     3 |     6 |    12 |    28 |    37 |     2 ||    88
       Ration            |       |     1 |     1 |     4 |    11 |     3 ||    20
Armor: Skin              |     4 |     4 |     7 |     4 |    17 |     1 ||    37
Dodge: Dodged            |    29 |    40 |    91 |   117 |   208 |    23 ||   508
Block: Buckler           |       |       |    28 |   116 |   167 |    36 ||   347
       Reflection        |       |       |       |     6 |    35 |     5 ||    46
       Shield            |       |       |       |       |   165 |     4 ||   169
